 Dungeon Crawl Stone Soup version 0.30-a0-377-g5cb311bc9f (webtiles) character file.

Game seed: 16939792153036218775

56 qeuew the Shield-Bearer (level 4, -3/37 HPs)
             Began as a Formicid Fighter on Nov 29, 2022.
             Killed from afar by Terence (13 damage)
             ... with a bolt of dispelling energy
             ... on level 3 of the Dungeon.
             The game lasted 00:02:21 (1551 turns).

qeuew the Shield-Bearer (Formicid Fighter)          Turns: 1551, Time: 00:02:21

Health: -3/37      AC:  8    Str: 20    XL:     4   Next: 17%
Magic:  4/4        EV:  9    Int:  8    God:
Gold:   133        SH:  5    Dex: 15    Spells: 3/3 levels left

rFire   . . .      SeeInvis +    a - +1 war axe
rCold   . . .      Faith    .    c - +0 buckler
rNeg    . . .      Spirit   .    b - +1 scale mail
rPois   .          Reflect  .    (helmet unavailable)
rElec   .          Harm     .    (no cloak)
rCorr   .          Rampage  .    (no gloves)
Will    .....                    (no boots)
Stlth   ..........               (no amulet)
HPRegen 0.26/turn                (no ring)
MPRegen 0.09/turn                (no ring)

@: mighty
A: permanent stasis, dig shafts and tunnels, antennae 3, four strong arms
a: Dig, Shaft Self


You were on level 3 of the Dungeon.
You visited 1 branch of the dungeon, and saw 3 of its levels.

You collected 133 gold pieces.

Inventory:

Hand Weapons
 a - a +1 war axe (weapon)
Armour
 b - a +1 scale mail (worn)
 c - a +0 buckler (worn)
Potions
 d - 3 potions of might
 g - a potion of curing


   Skills:
 + Level 3.7 Fighting
 + Level 2.5 Axes
 + Level 3.7 Armour
 + Level 1.1 Dodging
 + Level 4.6 Shields


You had 3 spell levels left.
You didn't know any spells.
Your spell library contained the following spells:

 Spells                   Type           Power      Damage    Failure   Level
 Call Canine Familiar     Summ           0%         N/A       99%         3
 Portal Projectile        Hex/Tloc       0%         N/A       99%         3
 Leda's Liquefaction      Hex/Erth       0%         N/A       100%        4


Dungeon Overview and Level Annotations

Branches:
Dungeon (3/15)

Altars:

Shops:
D:2 !

Annotations:
D:3 Terence


Innate Abilities, Weirdness & Mutations

You cannot be hasted, slowed, berserked, paralysed or teleported.
You can dig through walls and to a lower floor.
You have a pair of large antennae on your head. (SInv)
Your four strong arms can wield two-handed weapons with a shield.


Message History

(D) Dungeon
Where to? (Enter - D:2, ? - help)
What level of the Dungeon? (default 1, ? - help)
There is a stone staircase leading down here.
You fly downwards.
Terence shouts!
Terence is attracted toward you.
There is a stone staircase leading up here.
Terence is nearby!
Terence is attracted toward you.
You hit Terence but do no damage.
Terence zaps a wand.
The bolt of dispelling energy hits you!
Your magical effects are unravelling.
You feel less attractive to monsters.
You hit Terence.
Terence is moderately wounded.
You float gracefully downwards.
Terence zaps a wand.
The bolt of dispelling energy hits you!
You are too injured to fight recklessly!
You are too injured to fight recklessly!
You are too injured to fight recklessly!
You are too injured to fight recklessly!
You are too injured to fight recklessly!
You are too injured to fight recklessly!
You are too injured to fight recklessly!
You are too injured to fight recklessly!
You are too injured to fight recklessly!
You are too injured to fight recklessly!
You are too injured to fight recklessly!
You are too injured to fight recklessly!
You are too injured to fight recklessly!
Unknown command.
You feel very mighty all of a sudden.
Terence hits you with a +2 flail of protection.
* * * LOW HITPOINT WARNING * * *
You barely miss Terence.
Terence is moderately wounded.
Terence zaps a wand.
The bolt of dispelling energy hits you!
Your magical effects are unravelling.
You die...

# .# #.# ##
#.# #.###.##
#####..#<..#.#
#.....@@.....#
#.###.....##.#
#.....# #
###.### ..#
..# #..# #..#


You could see Terence.

Vanquished Creatures
  2 worms (D:2)
  2 dart slugs
  3 ball pythons (D:1)
  5 endoplasms
  2 giant cockroaches
  4 goblins
  7 hobgoblins
  A quokka (D:1)
  6 bats
  3 frilled lizards
  5 kobolds
  3 rats (D:1)
43 creatures vanquished.

Notes
Turn   | Place    | Note
-------+----------+-------------------------------------------
     0 | D:1      | qeuew the Formicid Fighter began the quest for the Orb.
     0 | D:1      | Reached XP level 1. HP: 18/18 MP: 1/1
   180 | D:1      | Reached XP level 2. HP: 24/24 MP: 2/2
   744 | D:1      | Reached XP level 3. HP: 28/29 MP: 3/3
  1065 | D:2      | Reached skill level 1 in Dodging
  1153 | D:2      | Found Waplulek's Distillery.
  1213 | D:2      | Reached XP level 4. HP: 31/37 MP: 4/4
  1546 | D:3      | Noticed Terence
  1551 | D:3      | Killed from afar by Terence

Illustrated notes

Levels and vault maps discovered:
D:1:      scummos_arrival_gate, layout_basic
D:2:      layout_rooms, serial_shops, shop
D:3:      layout_loops_ring, uniq_terence

Skill      XL: |  1  2  3 |
---------------+----------+-----
Dodging        | 1 |  1.1
Fighting       | |  3.7
Axes           | |  2.5
Armour         | |  3.7
Shields        | |  4.6

Action                   |  1- 3 |  4- 6 || total
-------------------------+-------+-------++-------
Melee: War axe           |   104 |    13 ||   117
  Use: Scroll            |     4 |     5 ||     9
       Potion            |     1 |     3 ||     4
Armor: Scale mail        |    52 |     3 ||    55
Dodge: Dodged            |    41 |       ||    41
Block: Buckler           |    35 |     2 ||    37

Table legend: (Time is in decaauts)
 A = Elapsed time spent in this place.
 B = Non-inter-level travel time spent in this place.
 C = Inter-level travel time spent in this place.
 D = Time resting spent in this place.
 E = Time spent auto-exploring this place.
 F = Levels seen in this place.
 G = Mean time per level.
                   A        B        C        D        E       F      G
               +--------+--------+--------+--------+--------+-----+--------+
         Total |   1598 |   1572 |     26 |     18 |   1216 |   3 |  532.7 |
       Dungeon |   1598 |   1572 |     26 |     18 |   1216 |   3 |  532.7 |
               +--------+--------+--------+--------+--------+-----+--------+

Top non-repeatable levels by time:
     D:1: 1063 daAuts
     D:2: 530 daAuts
     D:3: 5 daAuts
